 Dungeon Crawl Stone Soup version 0.31-a0-1469-gd420192249 (webtiles) character file.

Game seed: 15399080844561427276

29 BigPumpCobain the Shield-Bearer (level 3, -1/33 HPs)
             Began as a Minotaur Fighter on Dec 29, 2023.
             Succumbed to a kobold's poison
             ... on level 1 of the Dungeon.
             The game lasted 00:00:37 (360 turns).

BigPumpCobain the Shield-Bearer (Minotaur Fighter)   Turns: 360, Time: 00:00:38

Health: -1/33      AC:  7    Str: 22    XL:     3   Next: 1%
Magic:  2/2        EV:  9    Int:  5    God:
Gold:   10         SH:  4    Dex:  9    Spells: 2/2 levels left

rFire   . . .        a - +0 flail
rCold   . . .        c - +0 buckler
rNeg    . . .        b - +0 scale mail
rPois   .            (helmet restricted)
rElec   .            (no cloak)
rCorr   .            (no gloves)
SInv    .            (no boots)
Will    .....        (no amulet) Stlth
                     (no ring)
HPRegen 0.25/turn    (no ring)
MPRegen 0.08/turn

%: no passive effects
@: mighty, lethally poisoned (-1 -> -12)
A: horns 2, retaliatory headbutt
a: no special abilities


You were on level 1 of the Dungeon.
You visited 1 branch of the dungeon, and saw 1 of its levels.

You collected 10 gold pieces.

Inventory:

Hand Weapons
 a - a +0 flail (weapon)
Armour
 b - a +0 scale mail (worn)
 c - a +0 buckler (worn)
Jewellery
 g - an amulet of the acrobat
Scrolls
 e - 2 scrolls of identify {unknown}
Potions
 f - a potion of lignification {unknown}
 h - a potion of berserk rage {unknown}


   Skills:
 + Level 4.0 Fighting
 + Level 3.0 Maces & Flails
 + Level 4.0 Armour
 + Level 4.0 Shields


You had 2 spell levels left.
You didn't know any spells.
Your spell library was empty.

Dungeon Overview and Level Annotations

Branches:
Dungeon (1/15)

Altars:


Innate Abilities, Weirdness & Mutations

You have a pair of horns on your head.
You reflexively headbutt those who attack you in melee.


Message History

Increase (S)trength, (I)ntelligence, or (D)exterity?
You feel stronger. x2
You closely miss the giant cockroach.
You feel very sick.
The giant cockroach bites you but does no damage.
You block the kobold's attack.
You closely miss the kobold. Your headbutt misses the kobold.
You feel very sick.
The giant cockroach bites you but does no damage.
The kobold hits you but does no damage. The giant cockroach barely misses you.
You hit the kobold. Your headbutt misses the kobold.
The kobold is severely wounded.
You feel sick. You block the kobold's attack.
The giant cockroach bites you but does no damage.
The kobold hits you but does no damage.
You barely miss the kobold.
The kobold is moderately wounded.
You feel sick.
The giant cockroach bites you but does no damage. x2
The kobold hits you with a +1 short sword of venom.
* * * LOW HITPOINT WARNING * * *
You are lethally poisoned!
You barely miss the kobold.
The kobold is moderately wounded.
* * * LOW HITPOINT WARNING * * *
You feel very sick. You block the dart slug's attack.
The giant cockroach barely misses you.
The kobold hits you with a +1 short sword of venom.
* * * LOW HITPOINT WARNING * * *
You are more poisoned.
You feel very mighty all of a sudden.
* * * LOW HITPOINT WARNING * * *
You feel very sick. The giant cockroach barely misses you.
The kobold barely misses you. You furiously retaliate!
You headbutt the kobold!!
You kill the kobold!
You block the dart slug's attack.
You sock the dart slug! You headbutt the dart slug.
You kill the dart slug!
You die...

..).# #...#### #...#
#.### #.... #...# #.#
#... ##.## #.#########
###.###### #.#
..........# #....>...##
#.#
#.#..####.####.........#
...
#......##...............
.#.
###..#....##.....†......
.. ..
#....).....#..@B......
## ..
.....###...#.#.#.)......
### ######
#.#.#.#.#.#.....#
#.##########...## #..
..... ##. ...# ## ...
#.#


You could see a giant cockroach.

Vanquished Creatures
  3 dart slugs (D:1)
  2 endoplasms (D:1)
  4 giant cockroaches (D:1)
  A goblin (D:1)
  2 hobgoblins (D:1)
  4 jackals (D:1)
  3 kobolds (D:1)
  A ball python (D:1)
  A frilled lizard (D:1)
  2 rats (D:1)
23 creatures vanquished.

Notes
Turn   | Place    | Note
-------+----------+-------------------------------------------
     0 | D:1      | BigPumpCobain the Minotaur Fighter began the quest for the
                  | Orb.
     0 | D:1      | Reached XP level 1. HP: 19/19 MP: 0/0
    82 | D:1      | Reached XP level 2. HP: 27/27 MP: 1/1
   354 | D:1      | Reached XP level 3. HP: 19/33 MP: 2/2
   360 | D:1      | Succumbed to a kobold's poison

Illustrated notes

Levels and vault maps discovered:
D:1:      dpeg_arrival_court, layout_loops_cross, minmay_worlds_worst_comb

Skill      XL: |  1  2 |
---------------+-------+-----
Shields        | 4 |  4.0
Fighting       | 4 |  4.0
Armour         | 4 |  4.0
Maces & Flails | 3 |  3.0

Action                     || total
---------------------------++-------
  Melee: Flail             ||    61
         Headbutt          ||     6
    Use: Potion            ||     1
 Armour: Scale mail        ||    45
  Dodge: Dodged            ||    27
  Block: Buckler           ||    13

Table legend: (Time is in decaauts)
 A = Elapsed time spent in this place.
 B = Non-inter-level travel time spent in this place.
 C = Inter-level travel time spent in this place.
 D = Time resting spent in this place.
 E = Time spent auto-exploring this place.
 F = Levels seen in this place.
 G = Mean time per level.
                   A        B        C        D        E       F      G
               +--------+--------+--------+--------+--------+-----+--------+
         Total |    377 |    377 |      0 |      0 |    256 |   1 |  377.0 |
       Dungeon |    377 |    377 |      0 |      0 |    256 |   1 |  377.0 |
               +--------+--------+--------+--------+--------+-----+--------+

Top non-repeatable levels by time:
     D:1: 377 daAuts
